AoeStats
← 五岁的单机的回忆

Arena

509084870Analyzed
1v1 RM · 6d ago on Sep 25, 2026· 48m 55s· 2 players
Game mode
Random Map
Map size
Tiny (2 player)
Population
200
Speed
Normal
Resources
Standard
Victory
Conquest
Starting age
Dark Age
Ending age
Imperial Age
RankedLock teamsTeams togetherTeam positionsShared explorationLock speedFull tech treeHidden civsTurbo modeCheats
Victory
Defeat
1348
+16
🇹🇷 Bulgarians · Türkiye
1340
-16
kolpamca
10:10 Feudal Age
14:26 Castle Age
12:53 Double-Bit Axe
13:05 Horse Collar
17:05 Loom
22:42 Wheelbarrow
23:09 Scale Barding Armor
23:05 Town Watch
24:08 Forging
27:46 Iron Casting
32:38 Bloodlines
32:44 Gold Mining
33:35 Bow Saw
36:02 Fletching
39:01 Imperial Age
37:16 Padded Archer Armor
37:14 Bodkin Arrow
38:20 Padded Archer Armor
39:13 Husbandry
39:57 Ballistics
40:52 Hand Cart
40:46 Light Cavalry
41:42 Capped Ram
42:52 Bracer
44:22 Leather Archer Armor
五岁的单机的回忆
10:19 Feudal Age
11:21 Loom
14:38 Castle Age
20:26 Fletching
20:34 Double-Bit Axe
23:01 Redemption
23:12 Bodkin Arrow
29:17 Imperial Age
29:18 Bracer
29:30 Forging
28:51 Pikeman
31:04 Chemistry
36:01 Iron Casting
39:23 Bracer
39:24 Padded Archer Armor
39:48 Ballistics
39:48 Elite Skirmisher
41:17 Leather Archer Armor
Connection lost

Rejoining the realm…

Still unreachable

The connection could not be restored.

Session expired

The server has moved on; the page needs a fresh start.